 Dungeon Crawl Stone Soup version 0.29.1-2-gbd0b4ee654 (webtiles) character file.

Game seed: 11490902220635669691

1535 cdecastro the Cultivator (level 8, -2/56 HPs)
             Began as a Demonspawn Gladiator on Nov 5, 2022.
             Was a Believer of Fedhas.
             Slain by an orc warrior
             ... wielding a +0 halberd
              (8 damage)
             ... on level 6 of the Dungeon on Nov 7, 2022.
             The game lasted 00:16:39 (8052 turns).

cdecastro the Cultivator (Demonspawn Gladiator)     Turns: 8052, Time: 00:16:40

Health: -2/56      AC:  9    Str: 17    XL:     8   Next: 55%
Magic:  15/15      EV: 14    Int: 13    God:    Fedhas [**....]
Gold:   306        SH:  0    Dex: 15    Spells: 7/7 levels left

rFire   + . .      SeeInvis .   a - +0 trident
rCold   . . .      Faith    .   (no shield)
rNeg    . . .      Spirit   .   m - +1 scale mail {rF+}
rPois   .          Reflect  .   c - +0 helmet
rElec   .          Harm     .   (no cloak)
rCorr   .          Rampage  .   (no gloves)
Will    .....                   q - +0 pair of boots
Stlth   ..........              (no amulet)
HPRegen 0.18/turn               B - +4 ring of evasion
MPRegen 0.14/turn               E - ring of wizardry

@: no status effects
A: big brain 2, demonic magic 2
a: Renounce Religion, Wall of Briars


You were on level 6 of the Dungeon.
You worshipped Fedhas.
Fedhas was pleased with you.
You visited 2 branches of the dungeon, and saw 8 of its levels.

You collected 306 gold pieces.

Inventory:

Hand Weapons
 a - a +0 trident (weapon)
 b - a +0 sling
Missiles
 d - 3 throwing nets (quivered)
 e - 5 javelins
 f - 63 stones
 v - 5 boomerangs
 L - 6 poisoned darts
Armour
 c - a +0 helmet (worn)
 k - a +0 ring mail
 m - a +1 scale mail of fire resistance (worn)
 q - a +0 pair of boots (worn)
 G - a +0 leather armour
 N - a +3 chain mail
Magical Staves
 J - a staff of cold
 O - a staff of poison
Jewellery
 s - the ring of Othros {Fire MP+9 Dex+4}
   (You found it on level 2 of the Dungeon)

   [ring of fire]

   It enhances your fire magic.
   Dex:       It affects your dexterity (+4).
   rF:        It protects you from fire.
   rC:        It makes you vulnerable to cold.
   MP:        It affects your magic capacity (+9).
 B - a +4 ring of evasion (left hand)
 E - a ring of wizardry (right hand)
 H - a ring of wizardry
 I - a ring of resist corrosion
 M - an amulet of regeneration
Wands
 K - a wand of roots (8)
Scrolls
 g - 2 scrolls of identify
 h - 2 scrolls of immolation {unknown}
 l - 2 scrolls of blinking {unknown}
 n - a scroll of poison {unknown}
 p - 2 scrolls of summoning {unknown}
 t - 3 scrolls of teleportation {unknown}
 u - a scroll of amnesia {unknown}
 w - a scroll of vulnerability {unknown}
 y - 3 scrolls of noise {unknown}
 A - a scroll of fear {unknown}
 D - 2 scrolls of fog {unknown}
Potions
 j - a potion of flight {unknown}
 o - a potion of lignification {unknown}
 r - 5 potions of curing
 x - a potion of magic {unknown}
 z - a potion of attraction {unknown}
 C - a potion of brilliance {unknown}
 F - a potion of resistance {unknown}


   Skills:
 - Level 2.0 Fighting
 - Level 7.8 Polearms
 - Level 1.7 Throwing
 - Level 2.6 Dodging
 * Level 9.4 Invocations


You had 7 spell levels left.
You didn't know any spells.
Your spell library contained the following spells:

 Spells                   Type           Power      Damage    Failure   Level
 Sublimation of Blood     Necr           0%         N/A       52%         2
 Wereblood                Tmut           0%         N/A       52%         2
 Summon Hydra             Summ           0%         N/A       100%        7


Dungeon Overview and Level Annotations

Branches:
Dungeon (7/15)             Temple (1/1) D:6

Altars:
Ashenzari
Cheibriados
Dithmenos
Fedhas
Gozag
Kikubaaqudgha
Makhleb
Nemelex Xobeh
Qazlal
Ru
Sif Muna
Trog
Uskayaw
Vehumet
Xom
Yredelemnul

Annotations:
D:2 1 runed translucent door, Crazy Yiuf
D:7 1 transporter


Innate Abilities, Weirdness & Mutations

You have an extremely huge brain. (Int +4)
Spells you cast may paralyse nearby enemies.


Message History

The orc warrior is heavily wounded.
The orc hits you with a +0 hand axe.
* * * LOW HITPOINT WARNING * * *
The orc hits you but does no damage. The orc hits you with a +0 hand axe.
* * * LOW HITPOINT WARNING * * *
The orc warrior closely misses you.
You hit the orc warrior.
The orc warrior is severely wounded.
The orc closely misses you. The orc hits you but does no damage.
The orc warrior hits you with a +0 halberd!
* * * LOW HITPOINT WARNING * * *
An iguana comes into view.
The iguana hisses angrily.
You hit the orc warrior.
The orc warrior is almost dead.
The orc hits you but does no damage. x2; The orc warrior barely misses you.
You hit the orc warrior but do no damage.
The orc warrior is almost dead.
You hit the orc warrior but do no damage.
The orc warrior is almost dead.
The orc hits you with a +0 hand axe.
* * * LOW HITPOINT WARNING * * *
The orc misses you.
The orc warrior hits you with a +0 halberd!
* * * LOW HITPOINT WARNING * * *
You feel much better. The orc misses you. The orc hits you but does no damage.
The orc warrior hits you with a +0 halberd!!
* * * LOW HITPOINT WARNING * * *
Unknown command.
You hit the orc warrior but do no damage.
Your punch misses the orc warrior.
The orc warrior is almost dead.
The orc hits you but does no damage. The orc barely misses you.
The orc warrior completely misses you.
You hit the orc warrior but do no damage.
The orc warrior is almost dead.
The orc misses you. The orc hits you but does no damage.
The orc warrior hits you with a +0 halberd!
You die...
Fedhas appreciates your contribution to the ecosystem.

.. ##......#...#..# ...#
##.....###.....#
....####....#..###....##
.....#.....##..# #..#...
..........###..###..###.
....l....####...#..## ##
...................## #.
.......o.###..##.....##.
...#..@o# #..##..##....
.. #...o# ##.##..# #... #
##...# #....## ##..
#...#####...# #...
..............####...
..................##.....
........#............###
.. ..g.....##.....#...###
..# .......##...###...#


You could see an orc warrior, an iguana and 2 orcs.

Vanquished Creatures
  Sigmund (D:2)
  2 ice beasts (D:5)
  2 black bears
  2 ogres (D:5)
  A kobold brigand (D:5)
  4 scorpions
  2 howler monkeys
  A jelly (D:5)
  3 orc priests
  2 iguanas
  8 gnolls
  5 adders
  A shadow imp (D:5)
  2 white imps
  2 ufetubi (D:5)
  A worm (D:3)
  4 dart slugs
  6 orcs
  10 ball pythons
  5 endoplasms
  4 giant cockroaches
  13 goblins
  11 hobgoblins
  11 jackals
  10 kobolds
  4 quokkas
  5 bats
  3 frilled lizards
  9 rats
134 creatures vanquished.

Vanquished Creatures (others)
  19 plants (D:5)
19 creatures vanquished.

Grand Total: 153 creatures vanquished

Notes
Turn   | Place    | Note
-------+----------+-------------------------------------------
     0 | D:1      | cdecastro the Demonspawn Gladiator began the quest for the
                  | Orb.
     0 | D:1      | Reached XP level 1. HP: 16/16 MP: 1/1
    90 | D:1      | Gained mutation: You have an unusually large brain. (Int
                  | +2) [demonic ancestry]
    90 | D:1      | Reached XP level 2. HP: 22/22 MP: 2/2
   541 | D:1      | Reached XP level 3. HP: 27/27 MP: 3/3
  1387 | D:2      | Identified the ring of Othros {Fire MP+9 Dex+4}
  1402 | D:2      | Reached XP level 4. HP: 33/33 MP: 4/4
  1445 | D:2      | Noticed a black bear
  1739 | D:2      | Found a runed translucent door.
  1740 | D:2      | Noticed Crazy Yiuf
  1852 | D:2      | Found a faded altar of an unknown god.
  1872 | D:2      | Noticed Sigmund
  2043 | D:3      | Found a blossoming altar of Fedhas.
  2441 | D:3      | Reached skill level 5 in Polearms
  2454 | D:3      | Gained mutation: You have an extremely huge brain. (Int +4)
                  | [demonic ancestry]
  2454 | D:3      | Reached XP level 5. HP: 26/38 MP: 5/5
  2615 | D:3      | Noticed a black bear
  2635 | D:3      | Became a worshipper of Fedhas Madash
  2703 | D:4      | Found a broken altar of Ashenzari.
  2703 | D:4      | Found a bloodstained altar of Trog.
  2999 | D:4      | Reached XP level 6. HP: 35/44 MP: 6/6
  3463 | D:4      | Reached * piety under Fedhas
  3732 | D:4      | Found a burning altar of Makhleb.
  3793 | D:5      | Entered Level 5 of the Dungeon
  4270 | D:5      | Noticed an ice beast
  4643 | D:2      | Killed Sigmund
  4644 | D:2      | Gained mutation: Spells you cast may paralyse adjacent
                  | enemies. [demonic ancestry]
  4644 | D:2      | Reached XP level 7. HP: 41/50 MP: 7/7
  4853 | D:2      | Reached skill level 2 in Invocations
  5815 | D:5      | Reached skill level 4 in Invocations
  6114 | D:5      | Reached skill level 5 in Invocations
  6222 | D:5      | Reached skill level 6 in Invocations
  6222 | D:5      | Gained mutation: Spells you cast may paralyse nearby
                  | enemies. [demonic ancestry]
  6222 | D:5      | Reached XP level 8. HP: 44/56 MP: 10/12
  6472 | D:5      | Reached skill level 7 in Invocations
  6525 | D:5      | Reached skill level 8 in Invocations
  6637 | D:5      | Reached ** piety under Fedhas
  6710 | D:5      | Noticed a +0 dagger
  6712 | D:5      | Noticed a +0 hand axe
  6715 | D:5      | You fall into a shaft and drop 2 floors!
  6715 | D:7      | Found a transporter.
  7107 | D:5      | Reached skill level 9 in Invocations
  7188 | D:5      | Found a hide-covered altar of Uskayaw.
  7639 | D:6      | Found a staircase to the Ecumenical Temple.
  7658 | Temple   | Entered the Ecumenical Temple
  8052 | D:6      | Slain by an orc warrior

Illustrated notes

Levels and vault maps discovered:
D:1:      minmay_arrival_nine_rooms, layout_basic
D:2:      kennysheep_six_static_rooms, layout_loops_corners,
          nicolae_ecumenical_snake_handling, uniq_sigmund,
          uniq_crazy_yiuf_cottage
D:3:      layout_basic, mainiacjoe_overflow_boulevard
D:4:      layout_basic, lightli_temple_of_fire, nicolae_overflow_two_pavilions
D:5:      layout_loops_ring, dancing_weapons_uskayaw, chequers_big_river,
          lexackson_kobold_supper
D:6:      layout_layer_cave, temple_statues
D:7:      layout_cave_pools, gammafunk_ghost_arena, serial_glass,
          glass_columns_c, glass_columns_b, glass_columns_c, glass_columns_b,
          glass_columns_a, glass_columns_b, glass_columns_b, glass_columns_a,
          corexii_corridor_pit
Temple:   nicolae_temple_ecumenical_triangle

Skill      XL: |  1  2  3  4  5  6  7  8 |
---------------+-------------------------+-----
Polearms       | 3 4 5 6 7 |  7.8
Invocations    | 6 9 |  9.4
Fighting       | |  2.0
Throwing       | |  1.7
Dodging        | |  2.6

Action                   |  1- 3 |  4- 6 |  7- 9 || total
-------------------------+-------+-------+-------++-------
Melee: Trident           |   132 |   258 |   195 ||   585
       Punch             |     2 |     3 |     1 ||     6
 Fire: Sling             |       |    16 |     6 ||    22
Throw: Throwing net      |       |       |     5 ||     5
       Boomerang         |       |       |     3 ||     3
  Use: Scroll            |       |     3 |       ||     3
       Potion            |       |       |     3 ||     3
 Stab: Held in net/web   |       |       |     5 ||     5
Armor: Leather armour    |    26 |       |       ||    26
       Scale mail        |    21 |   104 |    56 ||   181
Dodge: Dodged            |    84 |   164 |   104 ||   352
